 Dungeon Crawl Stone Soup version 0.31.0-12-g77e489cdc1 (webtiles) character file.

Game seed: 6975251701824317601

244 sking99 the Digger (level 5, -5/42 HPs)
             Began as a Draconian Earth Elementalist on Feb 28, 2024.
             Killed from afar by an orc wizard (13 damage)
             ... with a puff of flame
             ... on level 4 of the Dungeon.
             The game lasted 00:04:58 (3642 turns).

sking99 the Digger (Draconian Earth Elementalist)   Turns: 3642, Time: 00:04:59

Health: -5/42      AC:  6    Str: 13    XL:     5   Next: 83%
Magic:  1/9        EV: 12    Int: 15    God:
Gold:   166        SH:  0    Dex: 11    Spells: 6/10 levels left

rFire   . . .        (no weapon)
rCold   + . .        (no shield)
rNeg    . . .        (body armour unavailable)
rPois   .            (helmet restricted)
rElec   .            (no cloak)
rCorr   .            v - +0 pair of gloves
SInv    .            (no boots)
Will    .....        (no amulet)
Stlth   +            i - ring of protection from cold
HPRegen 0.27/turn    (no ring)
MPRegen 0.11/turn

%: no passive effects
@: confused
A: AC +5, unfitting armour, cold-blooded
a: no special abilities


You were on level 4 of the Dungeon.
You visited 1 branch of the dungeon, and saw 5 of its levels.

You collected 166 gold pieces.

Inventory:

Hand Weapons
 m - a +1 double sword of electrocution
Armour
 v - a +0 pair of gloves (worn)
Jewellery
 i - a ring of protection from cold (left hand)
 l - a ring of positive energy
 p - a ring of positive energy
Scrolls
 c - a scroll of fog {unknown}
 d - 2 scrolls of identify {unknown}
 f - a scroll of poison {unknown}
 h - a scroll of enchant weapon {unknown}
 j - 3 scrolls of teleportation {unknown}
 k - a scroll of immolation {unknown}
 q - a scroll of amnesia {unknown}
 r - a scroll of noise {unknown}
Potions
 a - a potion of magic
 b - a potion of cancellation {unknown}
 e - 2 potions of lignification {unknown}
 g - a potion of might {unknown}
 n - a potion of enlightenment {unknown}
 o - a potion of degeneration {unknown}
 s - a potion of heal wounds {unknown}
 t - a potion of mutation {unknown}
 u - a potion of resistance {unknown}


   Skills:
 + Level 2.4 Fighting
 - Level 1.9 Dodging
 - Level 1.9 Stealth
 + Level 3.1 Spellcasting
 + Level 2.6 Conjurations
 * Level 4.6 Earth Magic


You had 6 spell levels left.
You knew the following spells:

 Your Spells              Type           Power      Damage    Failure   Level
a - Sandblast             Erth           32%        2d9       3%          1
b - Stone Arrow           Conj/Erth      26%        3d8       14%         3

Your spell library contained the following spells:

 Spells                   Type           Power      Damage    Failure   Level
 Passwall                 Erth           16%        N/A       9%          3
 Freeze                   Ice            8%         1d3       21%         1
 Hailstorm                Conj/Ice       6%         3d5       34%         3
 Brom's Barrelling Bould  Conj/Erth      13%        2d4       41%         4
 Frozen Ramparts          Ice            4%         1d1       52%         3
 Petrify                  Alch/Erth      9%         N/A       58%         4


Dungeon Overview and Level Annotations

Branches:
Dungeon (5/15)
 Temple: D:4-7

Altars:
Uskayaw
Wu Jian

Annotations:
D:3 3 runed translucent doors, Nilihum's ghost, amateur AtFi


Innate Abilities, Weirdness & Mutations

Your plain brown scales are hard. (AC +5)
You cannot fit into any form of body armour.
You are cold-blooded and may be slowed by cold attacks.


Message History

Aiming: Sandblast (safe; 3% risk of failure)
Press: ? - help, Shift-Dir - straight line, f/p - orc
Aim: an orc, wielding a +0 hand axe and wearing a +0 chain mail (almost dead, 87% to hit)
The blast of sand misses the orc.
The orc completely misses you.
The orc wizard hits you but does no damage. x2
The orc completely misses you. The orc wizard barely misses you.
The orc wizard casts a spell at you. The puff of flame hits you!
Your magical contamination has completely faded away.
Casting: Sandblast (safe; 3% risk of failure)
Confirm with . or Enter, or press ? or * to list all spells.
Aiming: Sandblast (safe; 3% risk of failure)
Press: ? - help, Shift-Dir - straight line, f/p - orc
Aim: an orc, wielding a +0 hand axe and wearing a +0 chain mail (almost dead, 87% to hit)
The blast of sand hits the orc but does no damage.
The orc is almost dead.
The orc wizard casts a spell at you.
You are confused.
The orc wizard hits you but does no damage.
The orc closely misses you.
You hit the orc wizard but do no damage.
The orc wizard barely misses you.
The orc wizard hits you but does no damage.
The orc misses you.
Unknown command.
The orc wizard gestures at you while chanting.
You resist with some effort. The orc hits you with a +0 hand axe.
The orc wizard misses you. The orc misses you.
The orc wizard hits you but does no damage.
The orc wizard closely misses you. The orc misses you.
The orc wizard hits you with a +0 dagger.
The orc wizard hits you but does no damage.
The orc wizard points at you and mumbles some strange words.
The magic dart hits you!
* * * LOW HITPOINT WARNING * * *
The orc wizard gestures at you while chanting.
The puff of flame hits you!
You die...

#### #......# ..#
#.####.# #.# #.# #.####
#.# #.# #.##..
#####.###.# #.##.#
..........# #.##.#
#.....########.##.# ###
..........#....##o##.....
.......##+#....'@o....#
...............##o###.#
.###...........##... .#
###.........###### .#
#.........#
######.........#
...†.'.....#####
######.....# #######


You could see 2 orc wizards and an orc.

Vanquished Creatures
  A bombardier beetle (D:5)
  A hound (D:4)
  2 orc wizards (D:5)
  4 adders
  A white imp (D:5)
  A dart slug (D:5)
  4 ribbon worms
  11 orcs
  9 bats
  7 endoplasms
  4 giant cockroaches
  6 hobgoblins
  3 jackals (D:1)
  2 quokkas
  8 ball pythons
  2 frilled lizards (D:1)
  6 kobolds
  3 rats
75 creatures vanquished.

Notes
Turn   | Place    | Note
-------+----------+-------------------------------------------
     0 | D:1      | sking99 the Draconian Earth Elementalist began the quest
                  | for the Orb.
     0 | D:1      | Reached XP level 1. HP: 14/14 MP: 3/3
   125 | D:1      | Reached XP level 2. HP: 18/20 MP: 0/5
  1081 | D:2      | Reached XP level 3. HP: 27/27 MP: 4/6
  1147 | D:2      | Reached skill level 1 in Fighting
  1231 | D:2      | Learned a level 3 spell: Stone Arrow
  1913 | D:3      | Found an ornate altar of the Wu Jian Council.
  1913 | D:3      | Found a hide-covered altar of Uskayaw.
  2054 | D:3      | Reached XP level 4. HP: 35/35 MP: 4/7
  2115 | D:3      | You fall into a shaft and drop 2 floors!
  2115 | D:5      | Entered Level 5 of the Dungeon
  2135 | D:5      | Reached skill level 4 in Earth Magic
  2253 | D:5      | Reached XP level 5. HP: 41/41 MP: 4/9
  2477 | D:3      | Found a runed translucent gate.
  2477 | D:3      | Found a runed translucent gate.
  2477 | D:3      | Found a runed translucent gate.
  2479 | D:3      | Noticed Nilihum's ghost (amateur AtFi)
  3642 | D:4      | Killed from afar by an orc wizard

Illustrated notes

Levels and vault maps discovered:
D:1:      dpeg_arrival_windows_large_door, layout_rooms, minivault_25
D:2:      layout_loops_ring, kennysheep_cross_room
D:3:      layout_basic, gammafunk_temple_overflow_statue,
          gammafunk_ghost_nasty_kobolds, minmay_checkerbox
D:4:      layout_basic, gammafunk_temple_overflow_wave
D:5:      layout_rooms, mainiacjoe_overflow_boulevard, tgw_fedhas,
          minmay_temple_entry_arrows, roderic_roman_lattice, uniq_pikel,
          uniq_menkaure

Skill      XL: |  1  2  3  4  5 |
---------------+----------------+-----
Fighting       | 1 2 |  2.4
Conjurations   | 2 |  2.6
Earth Magic    | 4 |  4.6
Spellcasting   | 3 |  3.1
Dodging        | |  1.9
Stealth        | |  1.9

Action                     |  1- 3 |  4- 6 || total
---------------------------+-------+-------++-------
  Melee: Unarmed           |    13 |     2 ||    15
         Tailslap          |     2 |       ||     2
   Cast: Sandblast         |    65 |    63 ||   128
 Armour: Skin              |    24 |    46 ||    70
  Dodge: Dodged            |    36 |    31 ||    67
